 Dungeon Crawl Stone Soup version 0.22-a0-271-gc000056 (webtiles) character file.

18 neds the Ruffian (level 2, -2/23 HPs)
             Began as a Draconian Transmuter on Mar 10, 2018.
             Slain by an adder (4 damage)
             ... on level 2 of the Dungeon.
             The game lasted 00:06:25 (1470 turns).

neds the Ruffian (Draconian Transmuter)             Turns: 1470, Time: 00:06:25

Health: -2/23      AC:  4    Str: 12    XL:     2   Next: 48%
Magic:  5/5        EV: 12    Int: 13    God:
Gold:   74         SH:  0    Dex: 11    Spells: 4/5 levels left

rFire    . . .     SeeInvis .   b - -2 dagger (curse)
rCold    . . .     Gourm    .   (no shield)
rNeg     . . .     Faith    .   (armour unavailable)
rPois    .         Spirit   .   (helmet restricted)
rElec    .         Reflect  .   (no cloak)
rCorr    .         Harm     .   (no gloves)
MR       .....                  (no boots)
Stlth    +.........             (no amulet)
HPRegen  0.07/turn              (no ring)
MPRegen  0.09/turn              (no ring)

@: lethally poisoned (-2 -> -9)
A: unfitting armour, cold-blooded, AC +4
a: no special abilities


You were on level 2 of the Dungeon.
You were hungry.

You visited 1 branch of the dungeon, and saw 2 of its levels.

You collected 74 gold pieces.

Inventory:

Hand Weapons
 b - a cursed -2 dagger (weapon)
 i - a +0 club
 j - a +0 short sword
Missiles
 a - 12 arrows
Armour
 f - a +0 leather armour
 k - a +0 pair of gloves
 l - a +2 shield
Scrolls
 e - 5 scrolls of teleportation {unknown}
 g - a scroll of identify {unknown}
 h - a scroll of immolation {unknown}
Potions
 d - a potion of curing {unknown}
Comestibles
 c - 4 rations


   Skills:
 - Level 1.1 Fighting
 - Level 1.7 Dodging
 + Level 3.4 Unarmed Combat
 + Level 2.2 Spellcasting
 + Level 2.3 Transmutations


You had 4 spell levels left.
You knew the following spells:

 Your Spells              Type           Power        Failure   Level  Hunger
a - Beastly Appendage     Tmut           #.....       10%         1    ##.....


Dungeon Overview and Level Annotations

Branches:
Dungeon (2/15)

Altars:
Cheibriados


Innate Abilities, Weirdness & Mutations

Your plain brown scales are hard. (AC +4)
You cannot fit into any form of body armour.
You are cold-blooded and may be slowed by cold attacks.


Message History

You feel sick. The adder barely misses you. The adder bites you.
You feel sick. The adder closely misses you.
You closely miss the adder.
The adder is heavily wounded.
You feel sick. The adder bites you.
You barely miss the adder.
The adder is heavily wounded.
The adder bites you.
You are more poisoned.
The adder poisons you! The adder bites you.
* * * LOW HITPOINT WARNING * * *
You are more poisoned.
The adder poisons you!
* * * LOW HITPOINT WARNING * * *
You feel sick.
* * * LOW HITPOINT WARNING * * *
You feel sick. The adder bites you.
You die...

###### # #....# .#
############....########.#
...............S@.......>####
############....#####....##.#
###### #.#####.# #####
####.#####.#### ....#
#....#........# ...<#
#.####.###.##.# ....# #.# #.#
#.##.# ....#####
#######.####.###....#
....##..
.................####


You could see an adder.

Vanquished Creatures
  A dart slug (D:2)
  A bat (D:1)
  4 giant cockroaches
  A hobgoblin (D:1)
  2 kobolds
  2 frilled lizards (D:1)
  2 goblins
  2 rats (D:2)
15 creatures vanquished.

Notes
Turn   | Place    | Note
-------+----------+-------------------------------------------
     0 | D:1      | neds the Draconian Transmuter began the quest for the Orb.
     0 | D:1      | Reached XP level 1. HP: 16/16 MP: 3/3
    28 | D:1      | Found a snail-covered altar of Cheibriados.
   813 | D:1      | Reached XP level 2. HP: 9/23 MP: 5/5
  1470 | D:2      | Slain by an adder

Vault maps used:
D:1:      scummos_arrival_checkerplants, cheibriados_altar_1

Action                   || total
-------------------------++-------
Melee: Dagger            ||   118
       Tailslap          ||    17
       Unarmed           ||     2
       Punch             ||     2
 Stab: Sleeping          ||     2
  Eat: Chunk             ||     1
Armor: Skin              ||    40
Dodge: Dodged            ||    67

Table legend:
 A = Spawn XP
 B = Non-spawn XP
 C = Spawn XP percentage of total XP
 D = Spawn monster count
 E = Non-spawn monster count
 F = Spawn count percentage of total count
 G = Total turns spent on level
                    A         B        C        D         E        F      G
               +---------+---------+-------+---------+---------+-------+---------
         Total |       0 |      26 |   0.0 |       0 |      15 |   0.0 |  1470
               +---------+---------+-------+---------+---------+-------+---------
           D:1 |       0 |      11 |   0.0 |       0 |       7 |   0.0 |  1001
           D:2 |       0 |      15 |   0.0 |       0 |       8 |   0.0 |   469
               +---------+---------+-------+---------+---------+-------+---------
